AoeStats
← 沒起房子我日

Arabia

508592720Analyzed
4v4 RM · 9d ago on Sep 23, 2026· 30m 46s· 8 players
Game mode
Random Map
Map size
Large (8 player)
Population
200
Speed
Normal
Resources
Standard
Victory
Conquest
Starting age
Dark Age
Ending age
Imperial Age
RankedLock teamsTeams togetherTeam positionsShared explorationLock speedFull tech treeHidden civsTurbo modeCheats
Victory
Defeat
🇹🇼 Britons · Taiwan
1506
+12
🇺🇸 Mongols · United States
1486
+13
🇻🇳 Franks · Vietnam
1357
+18
🇨🇴 Gurjaras · Colombia
1345
+19
🇹🇼 Persians · Taiwan
1501
-19
🇨🇳 Shu · China
1430
-16
🇻🇳 Ethiopians · Vietnam
1374
-14
🇻🇳 Hindustanis · Vietnam
1358
-13
小心,有诈。
6:33 Loom
9:04 Feudal Age
14:48 Fletching
18:46 Padded Archer Armor
22:40 Castle Age
21:33 Double-Bit Axe
21:31 Horse Collar
22:45 Crossbowman
23:21 Bodkin Arrow
25:22 Ballistics
26:21 Leather Archer Armor
26:46 Wheelbarrow
29:29 Thumb Ring
mryendl2410
6:02 Loom
8:56 Feudal Age
11:47 Fletching
11:55 Double-Bit Axe
17:08 Padded Archer Armor
17:09 Gold Mining
26:57 Castle Age
绿油精点眼睛
7:02 Loom
9:21 Feudal Age
10:48 Double-Bit Axe
11:31 Horse Collar
16:54 Scale Barding Armor
21:31 Castle Age
19:32 Gold Mining
20:32 Forging
20:34 Bloodlines
21:26 Town Watch
22:22 Chain Barding Armor
22:20 Bow Saw
24:24 Husbandry
27:29 Stone Mining
piecardinap
8:10 Loom
10:21 Feudal Age
11:19 Double-Bit Axe
11:17 Horse Collar
14:39 Scale Barding Armor
22:28 Castle Age
20:47 Gold Mining
22:58 Bloodlines
27:11 Wheelbarrow
沒起房子我日
6:27 Loom
9:01 Feudal Age
10:16 Double-Bit Axe
12:04 Padded Archer Armor
11:58 Fletching
13:35 Padded Archer Armor
16:09 Gold Mining
16:05 Horse Collar
23:07 Castle Age
21:27 Gold Mining
23:09 Crossbowman
23:45 Bodkin Arrow
24:03 Bow Saw
25:38 Ballistics
26:42 Heavy Plow
27:41 Leather Archer Armor
30:39 Wheelbarrow
"Real Friendly" new player
4:45 Loom
9:26 Feudal Age
10:52 Double-Bit Axe
11:14 Horse Collar
19:04 Castle Age
17:27 Gold Mining
17:46 Scale Barding Armor
18:01 Bloodlines
18:32 Forging
20:23 Chain Barding Armor
20:26 Husbandry
29:11 Iron Casting
29:56 Stone Mining
30:17 Bow Saw
30:07 Heavy Plow
30:46 Gold Shaft Mining
Giong
2:44 Loom
10:53 Feudal Age
14:01 Forging
25:07 Castle Age
23:48 Gold Mining
24:09 Scale Barding Armor
24:49 Double-Bit Axe
26:11 Chain Barding Armor
28:34 Gold Shaft Mining
28:15 Husbandry
29:44 Bow Saw
dfarfangomez
6:54 Loom
9:17 Feudal Age
9:51 Double-Bit Axe
17:07 Forging
18:27 Scale Barding Armor
21:58 Wheelbarrow
21:32 Horse Collar
26:40 Castle Age
24:49 Stone Mining
25:31 Gold Mining
26:42 Fletching
27:42 Bow Saw
Connection lost

Rejoining the realm…

Still unreachable

The connection could not be restored.

Session expired

The server has moved on; the page needs a fresh start.